 Seeded DCSS version 0.29.1-15-g9cfb28693d (webtiles) character file.

Game seed: 6320845443627075161 (custom seed)

21 Psyclone the Firebug (level 2, -2/15 HPs)
             Began as a Deep Elf Fire Elementalist on Sept 29, 2023.
             Slain by an orc wizard
             ... wielding a +0 dagger
              (3 damage)
             ... on level 3 of the Dungeon.
             The game lasted 00:02:57 (1320 turns).

Psyclone the Firebug (Deep Elf Fire Elementalist)   Turns: 1320, Time: 00:02:57

Health: -2/15      AC:  2    Str:  5    XL:     2   Next: 65%
Magic:  7/8        EV: 12    Int: 19    God:
Gold:   79         SH:  0    Dex: 15    Spells: 7/8 levels left

rFire   . . .      SeeInvis .   c - +7 quick blade
rCold   . . .      Faith    .   (no shield)
rNeg    . . .      Spirit   .   a - +0 robe
rPois   .          Reflect  .   (no helmet)
rElec   .          Harm     .   (no cloak)
rCorr   .          Rampage  .   (no gloves)
Will    .....                   (no boots)
Stlth   ++........              (no amulet)
HPRegen 0.05/turn               (no ring)
MPRegen 0.11/turn               (no ring)

@: no status effects
A: no striking features
a: no special abilities


You were on level 3 of the Dungeon.
You visited 1 branch of the dungeon, and saw 3 of its levels.

You collected 79 gold pieces.

Inventory:

Hand Weapons
 c - a +7 quick blade (weapon)
Armour
 a - a +0 robe (worn)
Jewellery
 e - a ring of magical power
Wands
 l - a wand of flame (13)
Scrolls
 d - a scroll of identify {unknown}
 h - 2 scrolls of teleportation {unknown}
 j - 2 scrolls of magic mapping {unknown}
 n - 2 scrolls of vulnerability {unknown}
Potions
 b - a potion of magic
 f - 2 potions of curing {unknown}
 g - a potion of haste {unknown}
 i - a potion of brilliance {unknown}
 k - a potion of resistance {unknown}
 m - a potion of flight {unknown}


   Skills:
 + Level 1.1 Short Blades
 - Level 2.4 Dodging
 - Level 2.4 Stealth
 + Level 3.5 Spellcasting
 - Level 1.1 Conjurations
 + Level 3.6 Fire Magic


You had 7 spell levels left.
You knew the following spells:

 Your Spells              Type           Power      Damage    Failure   Level
a - Foxfire               Conj/Fire      48%        2x1d6     5%          1

Your spell library contained the following spells:

 Spells                   Type           Power      Damage    Failure   Level
 Scorch                   Fire           34%        2d6       4%          2
 Freeze                   Ice            12%        1d4       14%         1
 Conjure Flame            Conj/Fire      12%        6-21      16%         3
 Inner Flame              Hex/Fire       10%        N/A       21%         3
 Frozen Ramparts          Ice            6%         1d1       41%         3
 Flame Wave               Conj/Fire      12%        2d6       47%         4
 Hailstorm                Conj/Ice       5%         3d4       75%         4


Dungeon Overview and Level Annotations

Branches:
Dungeon (3/15) Zot: 16685

Altars:

Shops:
D:2 :


Message History

You puncture the dart slug!
You kill the dart slug!
You see here a dart slug corpse.
You see here a +1 hat of stealth.
You see here a +0 leather armour.
Done exploring.
Done exploring.
(D) Dungeon
Where to? (Enter - D:2, ? - help)
There is a stone staircase leading down here.
You climb downwards.
Found a hand axe, a murky black potion and 2 poisoned darts.
There is a stone staircase leading up here.
An orc wizard is nearby!
An orc comes into view. It is wielding a +0 flail.
The orc wizard points at you and mumbles some strange words.
The puff of flame hits you.
You take 3 damage, and have 12/15 hp.
The orc wizard hits you with a +0 dagger.
You take 1 damage, and have 11/15 hp.
You barely miss the orc wizard. You hit the orc wizard.
The orc wizard is heavily wounded.
The orc wizard barely misses you.
Casting: Foxfire (safe; 5% risk of failure)
Confirm with . or Enter, or press ? or * to list all spells.
You conjure some foxfire!
The orc hits you with a +0 flail.
The orc wizard points at you and mumbles some strange words.
The puff of flame hits you!
* * * LOW HITPOINT WARNING * * *
You take 10 damage, and have 1/15 hp.
MASSIVE DAMAGE!!
You now have 7/8 mp.
You hit the orc wizard.
The orc wizard is severely wounded.
The foxfire hits the orc.
The orc is lightly wounded.
The foxfire hits the orc.
The orc is severely wounded.
The orc barely misses you.
The orc wizard hits you with a +0 dagger.
You die...

##(#..# #......
###....#
.......#
#....#####.#.
#....<.....).
##...#####.#.
.#####.ยง.######
.......@.......
.....!oo#######
######..# #...
##.# #.# #.# #.#


You could see an orc wizard and an orc.

Vanquished Creatures
  An adder (D:2)
  2 dart slugs (D:2)
  A ball python (D:1)
  2 goblins
  2 bats
  2 rats
10 creatures vanquished.

Vanquished Creatures (others)
  5 foxfires
5 creatures vanquished.

Grand Total: 15 creatures vanquished

Notes
Turn   | Place    | Note
-------+----------+-------------------------------------------
     0 | D:1      | Psyclone the Deep Elf Fire Elementalist began the quest for
                  | the Orb.
     0 | D:1      | Reached XP level 1. HP: 10/10 MP: 6/6
    81 | D:2      | Identified a scroll of acquirement
    81 | D:2      | Acquired a +7 quick blade
   868 | D:2      | Reached XP level 2. HP: 15/15 MP: 8/8
   894 | D:2      | Reached skill level 1 in Short Blades
  1135 | D:2      | Found Weil's Book Boutique.
  1165 | D:2      | Found a faded altar of an unknown god.
  1320 | D:3      | Slain by an orc wizard

Illustrated notes

Levels and vault maps discovered:
D:1:      dpeg_arrival_lava_temple_mockup, layout_basic
D:2:      layout_loops_ring, shapermc_ecumenical_altar_starsandcircs,
          serial_shops, nicolae_shop_window_shopping
D:3:      layout_loops_ring, pdpol_wu_jian_five_deadly_venoms, corexii_shack,
          uniq_crazy_yiuf_cottage

Skill      XL: |  1  2 |
---------------+-------+-----
Short Blades   | 1 |  1.1
Dodging        | |  2.4
Stealth        | |  2.4
Spellcasting   | |  3.5
Conjurations   | |  1.1
Fire Magic     | |  3.6

Action                   || total
-------------------------++-------
Melee: Quick blade       ||    22
       Punch             ||     1
 Cast: Foxfire           ||     3
  Use: Scroll            ||     1
 Stab: Sleeping          ||     1
Armor: Robe              ||     6
Dodge: Dodged            ||    21
